 Dungeon Crawl Stone Soup version 0.18-a0-337-g1235303 (webtiles) character file.

121 4thArraOfDagon the Sneak (level 4, 0/35 HPs)
             Began as a Vampire Assassin on Nov 28, 2015.
             Slain by an orc
             ... wielding a cursed -2 trident
              (6 damage)
             ... on level 3 of the Dungeon.
             The game lasted 00:03:50 (786 turns).

4thArraOfDagon the Sneak (Vampire Assassin)          Turns: 786, Time: 00:03:50

Health: 0/35       AC:  3    Str: 10    XL:     4   Next: 77%
Magic:  4/4        EV: 16    Int: 14    God:
Gold:   37         SH:  0    Dex: 15    Spells: 0 memorised, 3 levels left

rFire  . . .     SeeInvis +     a - +2 dagger
rCold  . . .     Clarity  .     c - +0 robe
rNeg   . . .     SustAt   .     (no shield)
rPois  .         Gourm    .     (no helmet)
rElec  .         Spirit   .     d - +0 cloak
rCorr  .         Warding  .     (no gloves)
rMut   .         Stasis   .     (no boots)
MR     .....                    (no amulet)
Stlth  ++++......               (no ring)
                                j - +3 ring of evasion

@: regenerating quickly, not resistant to hostile enchantments, stealthy
A: fangs 3, see invisible, unbreathing
a: no special abilities


You were on level 3 of the Dungeon.
You were very full.

You visited 1 branch of the dungeon, and saw 3 of its levels.

You collected 37 gold pieces.

Inventory:

Hand Weapons
 a - a +2 dagger (weapon)
 b - a +0 blowgun
Missiles
 e - 8 poisoned needles
 f - 2 curare-tipped needles
Armour
 c - a +0 robe (worn)
 d - a +0 cloak (worn)
 l - a +0 ring mail
Jewellery
 j - a +3 ring of evasion (left hand)
Scrolls
 h - 2 scrolls of identify
 i - a scroll of enchant weapon {unknown}
 k - a scroll of remove curse {unknown}
 p - 2 scrolls of enchant armour {unknown}
 q - a scroll of noise {unknown}
Potions
 g - a potion of agility {unknown}
 m - a potion of might
 n - a potion of poison
 o - a potion of blood
 r - a potion of degeneration


   Skills:
 + Level 3.4 Fighting
 - Level 2.1 Short Blades
 - Level 1.5 Throwing
 + Level 3.5 Dodging
 - Level 5.8 Stealth


You had 3 spell levels left.
You didn't know any spells.

Dungeon Overview and Level Annotations

Branches:
Dungeon (3/15)

Altars:
Fedhas
Sif Muna
Vehumet

Annotations:
D:2 Sigmund
D:3 Grinder


Innate Abilities, Weirdness & Mutations

Your natural rate of healing is unusually fast.
You have razor-sharp teeth.
You have supernaturally acute eyesight.
You can survive without breathing.


Message History

Identify which item? (\ to view known items) (? for menu, Esc to quit)
As you read the scroll of identify, it crumbles to dust.
r - a potion of degeneration The orc barely misses you.
Read which item? (? for menu, Esc to quit)
Identify which item? (\ to view known items) (? for menu, Esc to quit)
As you read the scroll of identify, it crumbles to dust.
m - a potion of might The orc misses you.
The hobgoblin misses you. The orc hits you with a trident.
* * * LOW HITPOINT WARNING * * *
Unknown command.
You hit the orc but do no damage. Your bite misses the orc.
The hobgoblin misses you.
You hit the orc but do no damage. The orc hits you with a trident.
* * * LOW HITPOINT WARNING * * *
The hobgoblin completely misses you.
Unknown command.
You hit the orc but do no damage. The orc hits you with a trident.
You die...

..# .### ..# ..#..
..# #.. !.._K ..#
.... #... ..# #....
>...###.###..# ..K.
#.....#...#...#
#.#g##........g....#
#
....#........#@####
..#...#..#.....o##
.....#..####..##
#.#..#..# #.##
#.#..#..## #.#
##.#...g.o# #.#
##.##.###.###g#
...##.#...K.#)#
##.#)#..#o#.#>#


You could see an orc and a hobgoblin.

Vanquished Creatures
  Ijyb (D:2)
  Jessica (D:3)
  4 adders (D:2)
  A worm (D:3)
  2 orcs (D:3)
  2 giant cockroaches
  4 goblins (D:2)
  4 hobgoblins
  3 kobolds
  A quokka (D:2)
  A bat (D:2)
  A giant newt (D:2)
  4 rats
29 creatures vanquished.

Notes
Turn   | Place    | Note
--------------------------------------------------------------
     0 | D:1      | 4thArraOfDagon the Vampire Assassin began the quest for the Orb.
     0 | D:1      | Reached XP level 1. HP: 16/16 MP: 1/1
    34 | D:2      | Found a deep blue altar of Sif Muna.
    37 | D:2      | Reached XP level 2. HP: 22/22 MP: 2/2
   278 | D:2      | Reached XP level 3. HP: 28/28 MP: 3/3
   429 | D:2      | Noticed Ijyb
   449 | D:2      | Killed Ijyb
   449 | D:2      | Reached XP level 4. HP: 22/35 MP: 4/4
   505 | D:2      | Noticed Sigmund
   538 | D:3      | Found a blossoming altar of Fedhas.
   541 | D:3      | Noticed Jessica
   557 | D:3      | Killed Jessica
   730 | D:3      | Noticed Grinder
   775 | D:3      | Found a radiant altar of Vehumet.
   786 | D:3      | Slain by an orc

Vault maps used:
D:1:      erik_arrival_blinker_ship
D:2:      old_standard_altar, kennysheep_cross_bottleneck, uniq_iyjb,
          uniq_sigmund
D:3:      fedhas_altar_2, vehumet_crystals, portal_sewer_entry_e, uniq_grinder,
          uniq_jessica

Action                   |  1- 3 |  4- 6 || total
-------------------------+-------+-------++-------
Melee: Dagger            |    60 |    86 ||   146
 Fire: Blowgun           |     4 |       ||     4
  Use: Potion            |     2 |       ||     2
       Scroll            |       |     3 ||     3
 Stab: Sleeping          |     7 |     2 ||     9
  Eat: Corpse            |     5 |     3 ||     8
